 Dungeon Crawl Stone Soup version 0.30.0-20-g3615ddf2f0 (webtiles) character file.

Game seed: 17483348144427987663

744 qw the Chopper (level 7, -3/44 HPs)
             Began as a Gargoyle Fighter on May 29, 2023.
             Was an Initiate of Okawaru.
             Killed from afar by a steam dragon (22 damage)
             ... with a ball of steam
             ... on level 6 of the Dungeon.
             The game lasted 00:01:51 (4959 turns).

qw the Chopper (Gargoyle Fighter)                   Turns: 4959, Time: 00:01:51

Health: -3/44      AC: 15    Str: 22    XL:     7   Next: 76%
Magic:  7/7        EV:  8    Int:  8    God:    Okawaru [......]
Gold:   355        SH:  4    Dex:  9    Spells: 6/6 levels left

rFire   . . .        Y - +0 war axe
rCold   . . .        c - +0 buckler
rNeg    + . .        s - +0 chain mail
rPois   inf          g - +0 helmet
rElec   +            (no cloak)
rCorr   .            (no gloves)
SInv    .            (no boots)
Will    .....        (no amulet) Stlth
                     (no ring)
HPRegen 0.27/turn    (no ring)
MPRegen 0.10/turn

%: no passive effects
@: no status effects
A: sickness immunity, AC +4, negative energy resistance 1, electricity
resistance, torment resistance 1, petrification resistance
a: Renounce Religion


You were on level 6 of the Dungeon.
You worshipped Okawaru.
Okawaru was noncommittal.
You visited 2 branches of the dungeon, and saw 7 of its levels.

You collected 355 gold pieces.


Innate Abilities, Weirdness & Mutations

You are immune to sickness and miasma.
Your stone body is resilient. (AC +4)
You are immune to poison.
You resist negative energy. (rN+)
You are resistant to electric shocks. (rElec)
You are resistant to unholy torment.
You are immune to petrification.


   Skills:
 + Level 4.6 Fighting
 - Level 7.0 Axes
 - Level 1.2 Throwing
 - Level 3.2 Armour
 - Level 1.0 Dodging
 - Level 3.2 Shields


You had 6 spell levels left.
You didn't know any spells.
Your spell library was empty.

Inventory:

Hand Weapons
 n - a +0 flail
 Y - a +0 war axe (weapon)
Missiles
 a - 3 boomerangs (quivered)
 l - 2 silver boomerangs
Armour
 c - a +0 buckler (worn)
 g - a +0 helmet (worn)
 s - a +0 chain mail (worn)
Wands
 r - a wand of digging (1)
Scrolls
 b - a scroll of teleportation
 i - a scroll of identify
Potions
 d - 2 potions of might
 e - 5 potions of curing
 f - a potion of haste
 j - a potion of berserk rage {unknown}
 m - a potion of ambrosia {unknown}
 o - a potion of resistance {unknown}
 p - 2 potions of lignification

Dungeon Overview and Level Annotations

Branches:
Dungeon (6/15)             Temple (1/1) D:5

Altars:
Ashenzari
Cheibriados
Dithmenos
Elyvilon
Fedhas
Gozag
Hepliaklqana
Kikubaaqudgha
Okawaru
Qazlal
Ru
Trog
Uskayaw
Vehumet
Wu Jian
Xom
Yredelemnul
Zin
The Shining One

Annotations:
D:3 1 runed translucent door, Crazy Yiuf


Message History

You slash the adder!
You kill the adder!
Okawaru accepts your kill.
You see here an adder corpse.
q - a javelin You hear the slow rusting of a very distant drain.
An adder comes into view.
The adder hisses angrily.
The adder bites you but does no damage.
You hit the adder.
The adder is lightly wounded.
You block the adder's attack.
You slash the adder!
You kill the adder!
Okawaru accepts your kill.
You see here an adder corpse.
A steam dragon comes into view.
The steam dragon breathes steam at you. The ball of steam hits you.
You're standing in a cloud of steam!
You are engulfed in a cloud of scalding steam.
You throw a javelin.
The javelin pierces through the steam dragon but does no damage.
You are engulfed in a cloud of scalding steam.
You completely miss the steam dragon. The steam dragon bites you.
The steam dragon claws you but does no damage.
You barely miss the steam dragon.
You are engulfed in a cloud of scalding steam.
The steam dragon bites you.
The steam dragon claws you but does no damage.
You closely miss the steam dragon.
The steam dragon closely misses you. x2; The steam dragon misses you.
The steam dragon barely misses you.
You slash the steam dragon!
The steam dragon is moderately wounded.
The steam dragon breathes steam at you. The ball of steam hits you!!
Ouch! That really hurt!
You die...

#############.
...###....#........
#(...D@..#.###########
#..........%.......%.#
............>...#####.#
###+##....##....#...#.#
#.########....#.#.#.#
#.# #....#.#.#.# ###.#
#........#.# ..#.#
#....#.###.#
#.#.########.#........#


You could see a steam dragon (catching breath).

Vanquished Creatures
  A wyvern (D:5)
  An ogre (D:5)
  A kobold brigand (D:4)
  3 jellies
  An orc priest (D:5)
  A gnoll bouda (D:4)
  3 orc wizards
  7 adders
  5 gnolls (D:4)
  An ufetubus (D:5)
  A worm (D:3)
  4 dart slugs
  11 orcs
  7 endoplasms
  4 giant cockroaches
  6 goblins
  7 hobgoblins
  3 jackals (D:4)
  6 kobolds
  3 quokkas
  6 ball pythons
  2 bats
  6 frilled lizards
  6 rats
96 creatures vanquished.

Notes
Turn   | Place    | Note
-------+----------+-------------------------------------------
     0 | D:1      | qw the Gargoyle Fighter began the quest for the Orb.
     0 | D:1      | Reached XP level 1. HP: 14/14 MP: 1/1
     0 | D:1      | 0 ||| qw: Version: 0.2-a-102-g2b76a06
     0 | D:1      | 0 ||| qw: Game counter: 434
     0 | D:1      | 0 ||| qw: Always use a shield: true
     0 | D:1      | 0 ||| qw: God list: Okawaru
     0 | D:1      | 0 ||| qw: Allow faded altars: false
     0 | D:1      | 0 ||| qw: Do Orc after D:15 true
     0 | D:1      | 0 ||| qw: Do second Lair branch before Depths: true
     0 | D:1      | 0 ||| qw: Lair rune preference: random
     0 | D:1      | 0 ||| qw: Plans: Normal, Zot:1-4, Slime:5, God:TSO, Crypt,
                  | Tomb, Pan, Hells, Abyss, Win
     0 | D:1      | 0 ||| PLANNING D:1-11
    72 | D:1      | Reached skill level 2 in Axes
   120 | D:1      | 120 ||| Stepping ~*~*~tactically~*~*~ (stealth).
   220 | D:1      | Reached XP level 2. HP: 19/19 MP: 2/2
   602 | D:1      | 602 ||| UPGRADING to +0 helmet.
   607 | D:1      | 607 ||| DRINKING 3 sedimented silvery potions.
   630 | D:2      | Found a shimmering altar of Xom.
   667 | D:2      | Reached skill level 3 in Axes
   667 | D:2      | Reached XP level 3. HP: 22/23 MP: 3/3
   672 | D:2      | 672 ||| Stepping ~*~*~tactically~*~*~ (stealth).
   987 | D:2      | 987 ||| DROPPING +0 club.
   996 | D:2      | Found a faded altar of an unknown god.
  1115 | D:2      | Reached skill level 1 in Throwing
  1383 | D:2      | 1383 ||| READING scroll labelled HAIKKEH YHAIM.
  1384 | D:2      | 1384 ||| READING scroll labelled QINOICZ ZIFEYR.
  1418 | D:3      | Found a runed translucent door.
  1419 | D:3      | Noticed Crazy Yiuf
  1470 | D:3      | 1470 ||| Stepping ~*~*~tactically~*~*~ (hiding).
  1576 | D:3      | 1576 ||| Stepping ~*~*~tactically~*~*~ (stealth).
  1589 | D:3      | Reached XP level 4. HP: 28/28 MP: 4/4
  1589 | D:3      | 1589 ||| Stepping ~*~*~tactically~*~*~ (stealth).
  1664 | D:3      | Found a glowing silver altar of Zin.
  1826 | D:3      | 1826 ||| Stepping ~*~*~tactically~*~*~ (hiding).
  2083 | D:3      | Found a shimmering altar of Xom.
  2180 | D:3      | Found an opulent altar of Gozag.
  2293 | D:3      | 2293 ||| READING scroll labelled XUM FUUJYL.
  2391 | D:3      | 2391 ||| READING scroll labelled WUIBLY NYOT.
  2506 | D:4      | 2506 ||| Stepping ~*~*~tactically~*~*~ (stealth).
  2640 | D:4      | 2640 ||| Stepping ~*~*~tactically~*~*~ (stealth).
  2647 | D:4      | Reached skill level 4 in Axes
  2648 | D:4      | 2648 ||| FLEEEEING.
  2649 | D:4      | 2649 ||| FLEEEEING.
  2650 | D:4      | 2650 ||| FLEEEEING.
  2651 | D:4      | 2651 ||| FLEEEEING.
  2652 | D:4      | 2652 ||| FLEEEEING.
  2653 | D:4      | 2653 ||| FLEEEEING.
  2654 | D:4      | 2654 ||| FLEEEEING.
  2655 | D:4      | 2655 ||| FLEEEEING.
  2706 | D:4      | 2706 ||| Stepping ~*~*~tactically~*~*~ (hiding).
  2716 | D:4      | 2716 ||| Stepping ~*~*~tactically~*~*~ (hiding).
  2726 | D:4      | Reached XP level 5. HP: 24/32 MP: 5/5
  2728 | D:4      | 2728 ||| FLEEEEING.
  2730 | D:4      | 2730 ||| FLEEEEING.
  2731 | D:4      | 2731 ||| FLEEEEING.
  2732 | D:4      | 2732 ||| FLEEEEING.
  2733 | D:4      | 2733 ||| FLEEEEING.
  2734 | D:4      | 2734 ||| FLEEEEING.
  2735 | D:4      | 2735 ||| FLEEEEING.
  2737 | D:4      | 2737 ||| FLEEEEING.
  2738 | D:4      | 2738 ||| FLEEEEING.
  2739 | D:4      | 2739 ||| FLEEEEING.
  2740 | D:4      | 2740 ||| FLEEEEING.
  2948 | D:4      | 2948 ||| Stepping ~*~*~tactically~*~*~ (hiding).
  2961 | D:4      | 2961 ||| Stepping ~*~*~tactically~*~*~ (hiding).
  3355 | D:4      | Reached skill level 5 in Axes
  3362 | D:4      | 3362 ||| Stepping ~*~*~tactically~*~*~ (stealth).
  3407 | D:4      | Noticed a kobold brigand
  3421 | D:4      | Killed a kobold brigand
  3422 | D:4      | Reached XP level 6. HP: 23/38 MP: 6/6
  3433 | D:4      | 3433 ||| FLEEEEING.
  3434 | D:4      | 3434 ||| FLEEEEING.
  3785 | D:4      | 3785 ||| DROPPING +1 leather armour of fire resistance.
  3786 | D:4      | 3786 ||| UPGRADING to +0 chain mail.
  3796 | D:4      | 3796 ||| DROPPING +0 scale mail.
  3797 | D:4      | 3797 ||| READING 4 scrolls labelled OMUGIAM YMACVE.
  3798 | D:4      | 3798 ||| READING 3 scrolls of identify.
  3798 | D:4      | 3798 ||| IDENTIFYING cyan potion
  3799 | D:4      | 3799 ||| READING 2 scrolls of identify.
  3799 | D:4      | 3799 ||| IDENTIFYING sedimented black potion
  3848 | D:5      | Entered Level 5 of the Dungeon
  4193 | D:5      | 4193 ||| DRINKING 3 fuming sapphire potions.
  4193 | D:5      | Noticed a wyvern
  4212 | D:5      | Killed a wyvern
  4213 | D:5      | Reached skill level 6 in Axes
  4213 | D:5      | Reached XP level 7. HP: 19/43 MP: 7/7
  4217 | D:5      | HP: 15/64 [acid (5)]
  4218 | D:5      | 4218 ||| DRINKING potion of heal wounds.
  4221 | D:5      | Reached skill level 1 in Dodging
  4360 | D:5      | Found a staircase to the Ecumenical Temple.
  4361 | D:5      | 4361 ||| PLANNING TEMPLE
  4547 | Temple   | Entered the Ecumenical Temple
  4601 | Temple   | 4601 ||| PLANNING OKAWARU WORSHIP
  4623 | Temple   | Became a worshipper of Warmaster Okawaru
  4623 | Temple   | 4623 ||| PLANNING D:1-11
  4772 | D:5      | Found a radiant altar of Vehumet.
  4772 | D:5      | Found a sacrificial altar of Ru.
  4772 | D:5      | Found a stormy altar of Qazlal.
  4797 | D:6      | 4797 ||| PLANNING SEWER
  4799 | D:6      | 4799 ||| STAIRDANCE
  4804 | D:5      | 4804 ||| DRINKING 6 potions of curing.
  4804 | D:5      | 4804 ||| (to cure confusion)
  4816 | D:5      | Reached skill level 7 in Axes
  4951 | D:6      | Noticed a steam dragon
  4959 | D:6      | Killed from afar by a steam dragon

Levels and vault maps discovered:
D:1:      lemuel_arrival_behind_the_door_small, layout_loops_cross
D:2:      minmay_chambers_of_twos, layout_basic,
          hellmonk_ecumenical_altar_run_dry, basic_altar
D:3:      layout_basic, pdpol_temple_overflow_zin_treasury_gozag_greed,
          mainiacjoe_overflow_tiny_flanked, uniq_crazy_yiuf_cottage
D:4:      layout_basic, lexackson_kobold_supper
D:5:      layout_gridville, gammafunk_temple_overflow_claw, temple_pool_b,
          minmay_checkerbox
D:6:      layout_basic, gup_sewer_entry_spiral, minmay_bent
Temple:   dshaligram_water_room_temple

Skill      XL: |  1  2  3  4  5  6  7 |
---------------+----------------------+-----
Axes           | 2 3 4 5 6 7 |  7.0
Throwing       | 1 |  1.2
Fighting       | 4 |  4.6
Dodging        | 1 |  1.0
Armour         | |  3.2
Shields        | |  3.2

Action                     |  1- 3 |  4- 6 |  7- 9 || total
---------------------------+-------+-------+-------++-------
  Melee: War axe           |    81 |   121 |    56 ||   258
  Throw: Javelin           |    22 |    18 |     5 ||    45
         Boomerang         |       |    20 |     4 ||    24
    Use: Potion            |     1 |     1 |     2 ||     4
         Scroll            |     2 |     5 |       ||     7
 Armour: Scale mail        |    42 |    35 |       ||    77
         Chain mail        |       |    13 |    40 ||    53
         Skin              |       |    13 |     7 ||    20
  Dodge: Dodged            |    31 |    56 |     9 ||    96
  Block: Buckler           |    11 |    19 |     6 ||    36

Table legend:
 A = Non-vault XP
 B = Vault XP
 C = Vault XP percentage of total XP
 D = Non-vault monster count
 E = Vault monster count
 F = Vault count percentage of total count
                 A         B        C        D         E       F
            +---------+---------+-------+---------+---------+-------
      Total |     675 |     388 |  36.5 |      76 |      20 |  20.8
            +---------+---------+-------+---------+---------+-------
        D:1 |      22 |       0 |   0.0 |      13 |       0 |   0.0
        D:2 |      27 |      23 |  46.0 |       8 |       8 |  50.0
        D:3 |      33 |       0 |   0.0 |      15 |       0 |   0.0
        D:4 |     207 |     103 |  33.2 |      26 |       8 |  23.5
        D:5 |     325 |     262 |  44.6 |      11 |       4 |  26.7
        D:6 |      61 |       0 |   0.0 |       3 |       0 |   0.0
            +---------+---------+-------+---------+---------+-------
